 Dungeon Crawl Stone Soup version 0.17-a0-1-g1f4be75 (webtiles) character file.

2200 Gronka the Shield-Bearer (level 9, -2/68 HPs)
             Began as a Human Fighter on Mar 5, 2015.
             Slain by Menkaure (13 damage)
             ... on level 6 of the Dungeon.
             The game lasted 00:13:47 (6024 turns).

Gronka the Shield-Bearer (Human Fighter)            Turns: 6024, Time: 00:13:47

Health: -2/68      AC:  9    Str: 21    XL:     9   Next: 60%
Magic:  9/9        EV: 10    Int:  8    God:
Gold:   86         SH: 10    Dex: 12    Spells: 0 memorised, 8 levels left

rFire  . . .     SeeInvis .     B - +2 rapier (distort)
rCold  . . .     Clarity  .     b - +0 scale mail
rNeg   . . .     SustAb   .     c - +0 shield
rPois  +         Gourm    .     (no helmet)
rElec  .         Spirit   .     g - +0 cloak
rCorr  .         Warding  .     (no gloves)
rMut   .         Stasis   .     (no boots)
MR     .....                    (no amulet)
Stlth  ..........               (no ring)
                                m - ring of poison resistance

@: hasted, very quick, not resistant to hostile enchantments, extremely
unstealthy
A: no striking features
a: no special abilities


You were on level 6 of the Dungeon.
You were not hungry.

You visited 1 branch of the dungeon, and saw 6 of its levels.

You collected 328 gold pieces.
You spent 242 gold pieces at shops.

Inventory:

Hand weapons
 a - a +0 long sword
 f - a +4 short sword of venom
 B - a +2 rapier of distortion (weapon)
Armour
 b - a +0 scale mail (worn)
 c - a +0 shield (worn)
 g - a +0 cloak (worn)
Jewellery
 m - a ring of poison resistance (left hand)
Magical devices
 d - a wand of flame (10)
 w - a wand of frost (15)
 x - a wand of draining (5)
 z - a wand of random effects (20)
Scrolls
 j - 5 scrolls of remove curse
 l - a scroll of teleportation
 o - a scroll of immolation {unknown}
 r - 4 scrolls of enchant weapon
 u - a scroll of enchant armour {unknown}
 y - a scroll of magic mapping {unknown}
Potions
 e - 2 potions of might
 h - a potion of restore abilities
 k - a potion of poison {unknown}
 n - 2 potions of haste
 p - a potion of degeneration {unknown}
 q - a potion of agility {unknown}
 s - a potion of lignification {unknown}
 v - a potion of curing {unknown}
Comestibles
 i - a meat ration
 t - 4 bread rations
 A - a beef jerky


   Skills:
 + Level 5.5 Fighting
 + Level 4.8(5.0) Short Blades
 + Level 2.2(3.8) Long Blades
 + Level 6.5 Armour
 + Level 4.9 Dodging
 + Level 1.0 Stealth
 + Level 6.7 Shields


You had 8 spell levels left.
You didn't know any spells.

Dungeon Overview and Level Annotations

Branches:
Dungeon (6/15)
 Temple: D:4-7

Altars:
Gozag
Kikubaaqudgha
Nemelex Xobeh
Ru
Trog
Vehumet

Shops:
D:6 [}(

Annotations:
D:6 Menkaure


Message History

Found Klimof Taqi's Antique Armour Shop.
No target in view!
There is an entrance to Klimof Taqi's Antique Armour Shop here.
Menkaure shouts!
Menkaure calls on the powers of darkness!
Your body is wracked with pain!
Menkaure gestures wildly while chanting.
Menkaure seems to speed up.
Menkaure calls on the powers of darkness!
Your body is wracked with pain!
* * * LOW HITPOINT WARNING * * *
You are too injured to fight recklessly!
Drink which item? (? for menu, Esc to quit)
It was a potion of restore abilities.
You feel refreshed.
Menkaure calls on the powers of darkness!
Your body is wracked with pain!
* * * LOW HITPOINT WARNING * * *
Drink which item? (? for menu, Esc to quit)
It was a potion of haste.
You feel yourself speed up. Menkaure hits you!
You die...

............####.#######
#...........'..........####
#...........####.#.........
................>......#######
#.##....#..##..................
#.##....#..#####.#.###.#####.#
#.##....#..# #.#.###.#####.##
#.##....#..# #.M..............
#.##....#..#####@...............
.....∩.....##.......##.#####.##.
#..........##..........#
#.##....#.##........##)#
#.##....#.##........##.#####.#..#
..)...[.................).......#
..............##.##..........#.##
#.##......##..##.##..#.........#
#.######..##..##.##..#.#####.#.#


You could see Menkaure.

Vanquished Creatures
  Eustachio (D:4)
  Edmund (D:5)
  A sky beast (D:6)
  2 phantoms (D:4)
  A black bear (D:6)
  A necrophage (D:6)
  An ice beast (D:5)
  2 centaurs
  2 giant frogs (D:6)
  A scorpion (D:6)
  A goliath beetle (D:6)
  A crimson imp (D:5)
  4 hounds
  2 iguanas
  5 orc wizards
  3 orc priests
  2 centaur skeletons (D:4)
  Natasha (thrice) (D:4)
  7 worker ants
  Ijyb (D:2)
  Jessica (D:2)
  5 adders
  7 gnolls
  3 river rats (D:5)
  A worker ant zombie (D:6)
  A giant mite (D:5)
  2 worms
  2 shadow imps
  An adder zombie (D:5)
  3 giant geckos
  2 oozes
  11 orcs
  2 ball pythons (D:2)
  13 bats
  5 bat skeletons
  A bat zombie (D:5)
  6 giant cockroaches
  8 goblins
  7 hobgoblins
  4 jackals (D:2)
  4 quokkas
  6 giant newts
  6 kobolds
  A quokka skeleton (D:4)
  8 rats
152 creatures vanquished.

Vanquished Creatures (others)
  An orc warrior (D:6)
  A goliath beetle (D:6)
  An orc (D:6)
3 creatures vanquished.

Grand Total: 155 creatures vanquished

Notes
Turn   | Place    | Note
--------------------------------------------------------------
     0 | D:1      | Gronka, the Human Fighter, began the quest for the Orb.
     0 | D:1      | Reached XP level 1. HP: 18/18 MP: 1/1
   223 | D:1      | Reached XP level 2. HP: 24/24 MP: 2/2
   725 | D:2      | Reached XP level 3. HP: 27/29 MP: 3/3
   759 | D:2      | Found an ancient bone altar of Kikubaaqudgha.
   885 | D:2      | Noticed Jessica
   887 | D:2      | Killed Jessica
   887 | D:2      | Reached XP level 4. HP: 20/35 MP: 4/4
  1025 | D:2      | Noticed Ijyb
  1036 | D:2      | Killed Ijyb
  1052 | D:2      | Found a bloodstained altar of Trog.
  1621 | D:3      | Found a radiant altar of Vehumet.
  1849 | D:3      | Found an opulent altar of Gozag.
  1863 | D:3      | Reached XP level 5. HP: 41/41 MP: 5/5
  2064 | D:3      | Found a sacrificial altar of Ru.
  2099 | D:3      | Reached skill level 1 in Short Blades
  2099 | D:3      | Reached skill level 1 in Dodging
  2256 | D:3      | Reached skill level 4 in Shields
  2750 | D:4      | Reached XP level 6. HP: 33/48 MP: 6/6
  2876 | D:4      | Found a sparkling altar of Nemelex Xobeh.
  2940 | D:4      | Reached skill level 1 in Stealth
  2966 | D:4      | Noticed a phantom
  3000 | D:4      | Killed a phantom
  3000 | D:4      | Reached XP level 7. HP: 14/54 MP: 7/7
  3501 | D:4      | Noticed Natasha
  3512 | D:4      | Killed Natasha
  3756 | D:4      | Noticed Natasha
  3766 | D:4      | Killed Natasha
  3859 | D:4      | Noticed Eustachio
  3871 | D:4      | Killed Eustachio
  3967 | D:4      | Noticed Natasha
  3971 | D:4      | Killed Natasha
  4044 | D:5      | Entered Level 5 of the Dungeon
  4072 | D:5      | Reached skill level 5 in Shields
  4072 | D:5      | Reached XP level 8. HP: 58/61 MP: 8/8
  4079 | D:5      | Reached skill level 5 in Armour
  4520 | D:5      | Noticed Edmund
  4535 | D:5      | Killed Edmund
  4724 | D:5      | Found a glowing drain.
  4746 | D:5      | Reached skill level 5 in Fighting
  5062 | D:6      | Reached skill level 6 in Shields
  5062 | D:6      | Reached XP level 9. HP: 61/68 MP: 9/9
  5098 | D:6      | Found Ohacafes' Gadget Shop.
  5570 | D:6      | Found Waleraf's Weapon Emporium.
  5584 | D:6      | Bought a +2 rapier of distortion for 242 gold pieces
  5675 | D:6      | Noticed Menkaure
  5982 | D:6      | Found Klimof Taqi's Antique Armour Shop.
  6024 | D:6      | Slain by Menkaure

Action                   |  1- 3 |  4- 6 |  7- 9 || total
-------------------------+-------+-------+-------++-------
Melee: Long sword        |    12 |       |       ||    12
       Short sword       |    55 |   150 |   307 ||   512
       Rapier            |       |       |    50 ||    50
  Use: Scroll            |       |     2 |     3 ||     5
       Potion            |       |       |     2 ||     2
  Eat: Bread ration      |       |     1 |       ||     1
       Meat ration       |       |     1 |     2 ||     3
